 Dungeon Crawl Stone Soup version 0.28.0-45-g0d030f2227 (webtiles) character file.

Game seed: 6610993458892306150

3028 Descartes the Ruffian (level 9, -6/80 HPs)
             Began as a Troll Warper on Apr 5, 2022.
             Was an Elder of Qazlal.
             Mangled by Harold
             ... wielding a +0 scimitar
              (20 damage)
             ... on level 7 of the Dungeon.
             The game lasted 00:11:48 (6336 turns).

Descartes the Ruffian (Troll Warper)                Turns: 6336, Time: 00:11:48

Health: -6/80      AC:  5    Str: 21    XL:     9   Next: 55%
Magic:  9/12       EV: 11    Int: 13    God:    Qazlal [****..]
Gold:   321        SH:  5    Dex:  9    Spells: 5/12 levels left

rFire   . . .      SeeInvis .     - Unarmed
rCold   . . .      Faith    .   (no shield)
rNeg    . . .      Spirit   .   a - +0 robe
rPois   .          Reflect  .   (helmet restricted)
rElec   .          Harm     .   k - +0 cloak
rCorr   .          Rampage  .   (gloves unavailable)
Will    .....                   (boots unavailable)
Stlth   +.........              (no amulet)
HPRegen 1.03/turn               h - +4 ring of slaying
MPRegen 0.13/turn               (no ring)

@: mighty, marked, hasted, repel missiles, very quick
A: large, unfitting armour, claws 3, regeneration 1, shaggy fur 1, tough skin 1
a: Renounce Religion, Upheaval, Elemental Force


You were on level 7 of the Dungeon.
You worshipped Qazlal.
Qazlal was greatly pleased with you.
You visited 2 branches of the dungeon, and saw 8 of its levels.
You also visited: Sewer.

You collected 321 gold pieces.

Inventory:

Hand Weapons
 u - a +1 antimagic trident
Missiles
 c - 7 boomerangs of dispersal
 e - 261 stones
 i - 4 boomerangs
 w - 20 poisoned darts (quivered)
 D - 3 datura-tipped darts
 H - 6 atropa-tipped darts
Armour
 a - a +0 robe (worn)
 k - a +0 cloak (worn)
Jewellery
 f - an amulet of faith
 h - a +4 ring of slaying (left claw)
 F - a ring of positive energy
Wands
 B - a wand of paralysis (18)
Scrolls
 b - 2 scrolls of blinking
 d - 2 scrolls of enchant armour
 j - 2 scrolls of amnesia
 o - 4 scrolls of magic mapping
 q - 3 scrolls of fear
 r - 2 scrolls of enchant weapon
 s - a scroll of immolation {unknown}
 x - a scroll of brand weapon {unknown}
 y - 2 scrolls of summoning
 C - 4 scrolls of teleportation {unknown}
 G - 3 scrolls of vulnerability {unknown}
Potions
 g - a potion of mutation {unknown}
 l - 4 potions of haste
 m - a potion of lignification {unknown}
 n - a potion of berserk rage {unknown}
 p - 3 potions of might
 t - a potion of degeneration {unknown}
 v - a potion of flight {unknown}
 z - a potion of heal wounds {unknown}
 A - a potion of brilliance {unknown}
 E - a potion of attraction {unknown}
 I - a potion of curing {unknown}


   Skills:
 + Level 2.9 Fighting
 + Level 2.7 Throwing
 + Level 5.4 Dodging
 + Level 6.4 Unarmed Combat
 + Level 2.2 Spellcasting
 + Level 5.2 Translocations
 + Level 5.3 Invocations


You had 5 spell levels left.
You knew the following spells:

 Your Spells              Type           Power      Damage    Failure   Level
a - Blink                 Tloc           30%        N/A       4%          2
b - Manifold Assault      Tloc           15%        N/A       63%         5

Your spell library contained the following spells:

 Spells                   Type           Power      Damage    Failure   Level
 Gell's Gravitas          Tloc           15%        N/A       9%          3
 Lesser Beckoning         Tloc           15%        N/A       9%          3
 Teleport Other           Tloc           15%        N/A       9%          3
 Tukima's Dance           Hex            1%         N/A       58%         3
 Anguish                  Hex/Necr       0%         N/A       94%         4
 Fireball                 Conj/Fire      0%         3d3       100%        5
 Iskenderun's Battlesphe  Conj           1%         2d6       100%        5
 Conjure Ball Lightning   Conj/Air       0%         3x3d6     100%        6
 Enfeeble                 Hex            0%         N/A       100%        7
 Orb of Destruction       Conj           0%         9d5       100%        7


Dungeon Overview and Level Annotations

Branches:
Dungeon (7/15)             Temple (1/1) D:6           Sewer (visited)

Altars:
Ashenzari
Cheibriados
Dithmenos
Elyvilon
Fedhas
Gozag
Hepliaklqana
Kikubaaqudgha
Makhleb
Nemelex Xobeh
Okawaru
Qazlal
Ru
Sif Muna
Trog
Uskayaw
Vehumet
Wu Jian
Xom
Yredelemnul
The Shining One
Lugonu

Portals:
Abyss: D:7

Annotations:
D:7 2 runed translucent doors, Harold


Innate Abilities, Weirdness & Mutations

You are too large for most types of armour.
You have claws for hands.
Your natural rate of healing is unusually fast.
You are covered in fur. (AC +1)
You have tough skin. (AC +1)


Message History

Harold completely misses you.
You scratch Harold but do no damage.
Harold is lightly wounded.
Harold hits you with a +0 scimitar!
You scratch Harold.
Harold is lightly wounded.
Harold hits you with a +0 scimitar!
You barely miss Harold.
Harold is lightly wounded.
Harold barely misses you.
You claw Harold!
Harold is moderately wounded.
You scratch Harold but do no damage.
Harold is moderately wounded.
Harold says, "Ah, this is what I got into this business for!"
Harold hits you with a +0 scimitar!
You are too injured to fight recklessly!
You are too injured to fight recklessly!
You are too injured to fight recklessly!
You are too injured to fight recklessly!
You are too injured to fight recklessly!
You are too injured to fight recklessly!
You are too injured to fight recklessly!
You are too injured to fight recklessly!
You are too injured to fight recklessly!
You are too injured to fight recklessly!
Aiming: Upheaval
Press: ? - help, Dir - move target The ground shakes violently, spewing rubble!
Harold hits you with a +0 scimitar!!
* * * LOW HITPOINT WARNING * * *
You feel yourself speed up. You block Harold's attack.
You feel very mighty all of a sudden. Harold casts a spell at you.
The mark upon you grows brighter.
Okay, then.
You barely miss Harold.
Harold is moderately wounded.
Harold hits you with a +0 scimitar!!
You die...

#.# #....
#.# #.#
#.... #.#
#.# #....
#.# #.#
#.... #.#
#.# #....
#.# #.#
#.### #.#
#.# ##..#
#@# #.# #..
#@# #.# #.#
#.# #.# #.#
#.# #.# #.#
### #.#
#.####.###.)
#.#
#........[.#
#.#
#.....)...##
#.#
#.........#
#.#
#.........#
#.#
#.........#


You could see Harold.

Vanquished Creatures
  Grinder (D:5)
  An orc warrior (D:7)
  A water moccasin (D:6)
  A sky beast (D:5)
  4 ogres
  2 centaurs
  A phantom (D:4)
  5 kobold brigands
  A gnoll sergeant (D:4)
  A wyvern zombie (D:7)
  4 scorpions
  3 water moccasin skeletons
  6 wights
  2 bullfrog skeletons
  2 orc priests
  4 hounds
  2 gnoll shamans
  6 orc wizards
  2 iguanas
  2 hound skeletons (D:4)
  13 gnolls
  8 adders
  2 river rats (Sewer)
  A shadow imp (D:7)
  3 white imps
  An ufetubus (D:5)
  2 worms
  17 orcs
  7 endoplasms
  A giant cockroach (D:1)
  5 goblins
  8 hobgoblins
  5 jackals
  14 kobolds
  5 quokkas
  12 ball pythons
  5 bats
  7 frilled lizards
  16 rats
183 creatures vanquished.

Vanquished Creatures (others)
  18 plants (Sewer)
18 creatures vanquished.

Grand Total: 201 creatures vanquished

Notes
Turn   | Place    | Note
-------+----------+-------------------------------------------
     0 | D:1      | Descartes the Troll Warper began the quest for the Orb.
     0 | D:1      | Reached XP level 1. HP: 19/19 MP: 1/1
   168 | D:1      | Reached XP level 2. HP: 25/27 MP: 2/2
   259 | D:1      | Found a faded altar of an unknown god.
   402 | D:1      | Prayed at the altar of an unknown god.
   402 | D:1      | Became a worshipper of Qazlal Stormbringer
   402 | D:1      | Reached * piety under Qazlal
   637 | D:1      | Learned a level 2 spell: Blink
   697 | D:1      | Reached XP level 3. HP: 32/33 MP: 3/3
  1277 | D:2      | Reached ** piety under Qazlal
  1774 | D:3      | Reached skill level 1 in Invocations
  1779 | D:3      | Reached XP level 4. HP: 41/41 MP: 4/4
  1870 | D:3      | Found a radiant altar of Vehumet.
  2264 | D:4      | Noticed an ogre
  2267 | D:4      | Killed an ogre
  2268 | D:4      | Reached skill level 3 in Unarmed Combat
  2268 | D:4      | Reached XP level 5. HP: 48/48 MP: 5/5
  2304 | D:4      | Reached XP level 6. HP: 13/55 MP: 6/6
  2437 | D:4      | Reached skill level 4 in Unarmed Combat
  2724 | D:4      | Reached XP level 7. HP: 62/62 MP: 8/8
  2755 | D:4      | Found a glowing drain.
  2764 | Sewer    | Entered a sewer
  2774 | Sewer    | Reached *** piety under Qazlal
  3707 | D:5      | Entered Level 5 of the Dungeon
  3801 | D:5      | Reached skill level 5 in Unarmed Combat
  3801 | D:5      | Reached XP level 8. HP: 48/70 MP: 9/9
  4453 | D:5      | Reached **** piety under Qazlal
  4795 | D:5      | Learned a level 5 spell: Manifold Assault
  4826 | D:6      | Reached skill level 1 in Throwing
  4885 | D:6      | Noticed Grinder
  4915 | D:5      | Killed Grinder
  4977 | D:6      | Reached skill level 5 in Dodging
  5012 | D:6      | Reached skill level 6 in Unarmed Combat
  5012 | D:6      | Reached XP level 9. HP: 77/79 MP: 11/11
  5124 | D:6      | Reached skill level 5 in Invocations
  5210 | D:6      | Found an ornate altar of the Wu Jian Council.
  5220 | D:6      | Found an opulent altar of Gozag.
  5225 | D:6      | Found a snail-covered altar of Cheibriados.
  5226 | D:6      | Found a glowing golden altar of the Shining One.
  5404 | D:6      | Found a staircase to the Ecumenical Temple.
  5415 | Temple   | Entered the Ecumenical Temple
  5662 | D:7      | Reached skill level 5 in Translocations
  6163 | D:7      | Found a one-way gate to the infinite horrors of the Abyss.
  6163 | D:7      | Identified the +7 dagger "Jepicut" {distort, *Rage rElec
                  | Will- Int+7}
  6206 | D:7      | Found a large runed translucent door.
  6207 | D:7      | Found a large runed translucent door.
  6212 | D:7      | Found a corrupted altar of Lugonu.
  6320 | D:7      | Noticed Harold
  6336 | D:7      | Mangled by Harold

Illustrated notes

Levels and vault maps discovered:
D:1:      dpeg_arrival_refuge, layout_basic, chequers_ecumenical_altar_island,
          minmay_small_reverse_x
D:2:      layout_loops_ring
D:3:      layout_loops_cross, mainiacjoe_overflow_six_doors_small
D:4:      layout_loops_ring, gup_sewer_entry_bowl
D:5:      layout_cave_pods, bh_walls_and_bars
D:6:      layout_rooms, minitemple, minmay_temple_entry_wispy,
          minmay_curled_crystal, minmay_crossroads, uniq_grinder
D:7:      due_chaos_kobolds, layout_rooms, uniq_harold
Temple:   eino_temple_rhombus

Skill      XL: |  1  2  3  4  5  6  7  8  9 |
---------------+----------------------------+-----
Dodging        | 2 3 4 5 |  5.4
Invocations    | 1 2 3 4 5 |  5.3
Unarmed Combat | 3 4 5 6 |  6.4
Translocations | 3 4 5 |  5.2
Throwing       | 1 2 |  2.7
Fighting       | 2 |  2.9
Spellcasting   | 2 |  2.2

Action                   |  1- 3 |  4- 6 |  7- 9 || total
-------------------------+-------+-------+-------++-------
Melee: Unarmed           |   106 |    75 |   275 ||   456
       Punch             |     1 |     3 |    11 ||    15
Invok: Upheaval          |       |       |     1 ||     1
  Use: Scroll            |       |       |     9 ||     9
       Potion            |       |       |     2 ||     2
 Stab: Sleeping          |     1 |       |       ||     1
Armor: Robe              |    33 |    19 |    61 ||   113
Dodge: Dodged            |    49 |    26 |   113 ||   188
       Repelled          |       |       |     1 ||     1
Block: Other             |     3 |     7 |    43 ||    53
